 Dungeon Crawl Stone Soup version 0.21.0 (webtiles) character file.

105 Suckerboh the Sneak (level 4, -3/21 HPs)
             Began as a Spriggan Enchanter on Jan 6, 2018.
             Killed from afar by an orc wizard (7 damage)
             ... with a magic dart
             ... on level 3 of the Dungeon.
             The game lasted 00:06:03 (2578 turns).

Suckerboh the Sneak (Spriggan Enchanter)            Turns: 2578, Time: 00:06:04

Health: -3/21      AC:  3    Str:  4    XL:     4   Next: 53%
Magic:  0/9        EV: 19    Int: 17    God:
Gold:   153        SH:  0    Dex: 16    Spells: 5/8 levels left

rFire    . . .     SeeInvis +   a - +1 dagger
rCold    . . .     Gourm    .   (shield restricted)
rNeg     . . .     Faith    .   b - +0 robe
rPois    .         Spirit   .   (helmet restricted)
rElec    .         Reflect  .   i - +0 cloak
rCorr    .         Harm     .   (gloves unavailable)
MR       .....                  (boots unavailable)
Stlth    +++.......             (no amulet)
HPRegen  0.07/turn              (no ring)
MPRegen  0.11/turn              (no ring)

@: very quick
A: very small, unfitting armour, see invisible, herbivore, speed 3, slow
metabolism 2
a: no special abilities


You were on level 3 of the Dungeon.
You were not hungry.

You visited 1 branch of the dungeon, and saw 3 of its levels.

You collected 153 gold pieces.

Inventory:

Hand Weapons
 a - a +1 dagger (weapon)
 g - a +0 vampiric dagger
Missiles
 m - 30 poisoned needles
Armour
 b - a +0 robe (worn)
 i - a +0 cloak (worn)
Scrolls
 f - a scroll of immolation {unknown}
 j - a scroll of noise {unknown}
 k - 4 scrolls of identify {unknown}
 l - a scroll of remove curse {unknown}
 q - a scroll of enchant armour {unknown}
 r - a scroll of magic mapping {unknown}
Potions
 e - 4 potions of heal wounds {unknown}
 h - a potion of curing
 n - 2 potions of haste {unknown}
 o - a potion of flight {unknown}
 p - a potion of berserk rage {unknown}
Books
 c - a book of Maledictions

   Spells                             Type                      Level
   a - Corona                         Hexes                        1
   b - Ensorcelled Hibernation        Hexes/Ice                    2
   c - Confuse                        Hexes                        3
   d - Tukima's Dance                 Hexes                        3
   e - Dazzling Spray                 Conjuration/Hexes            3
Comestibles
 d - 4 rations


   Skills:
 + Level 0.7 Fighting
 + Level 2.3 Short Blades
 + Level 3.8 Dodging
 + Level 5.0 Stealth
 + Level 2.9 Spellcasting
 * Level 4.9 Hexes
 + Level 0.1 Ice Magic


You had 5 spell levels left.
You knew the following spells:

 Your Spells              Type           Power        Failure   Level  Hunger
a - Corona                Hex            ###....      2%          1    None
b - Ensorcelled Hibernat  Hex/Ice        ##....       10%         2    ##.....


Dungeon Overview and Level Annotations

Branches:
Dungeon (3/15)

Altars:
Ru


Innate Abilities, Weirdness & Mutations

You are very small and have problems with some larger weapons.
You are too small for most types of armour.
You have supernaturally acute eyesight. (SInv)
You are a herbivore.
You cover ground extremely quickly.
You need consume almost no food.


Message History

You closely miss the orc wizard. The orc wizard misses you.
The orc wizard points at you and mumbles some strange words.
The puff of flame misses you. The orc wizard closely misses you.
Casting: Ensorcelled Hibernation
Confirm with . or Enter, or press ? or * to list all spells.
Aiming: Ensorcelled Hibernation
Press: ? - help, Shift-Dir - straight line, f/p - orc wizard
Aim: an orc wizard, wielding a dagger and wearing a robe (fast, chance to defeat MR: 42%)
The orc wizard resists with some effort.
The orc shouts!
The orc wizard gestures at you while chanting.
The puff of frost misses you. The orc wizard casts a spell at you.
The puff of flame hits you!
Ouch! That really hurt!
* * * LOW HITPOINT WARNING * * *
The orc wizard gestures at you while chanting.
The magic dart hits you!
You die...

.[..######.......#.#####.........
....# #.#.#.#.#........###..#.
..... ##.......#.#####..# #....
....#####..#.#.#.#.#####..##.....
.................................
....#####..#.#.#.#.#####..##.###.
....... #...oo.........#..# # #.
....###.#.#..#.##......#....
...........)g...@.†....'[.#..
..o......##.##.##......#.##....
###.###..##(#..##......#.# ..K
....# #. #.#..##......#.# #.
....###..##.#..#########
....o.....(........
....o..............
...................
.........##.#..##.#


You could see an orc wizard, an orc and a hobgoblin.

Vanquished Creatures
  4 adders (D:2)
  An ooze (D:1)
  A dart slug (D:2)
  A leopard gecko (D:2)
  An orc (D:3)
  2 giant cockroaches
  11 goblins
  5 hobgoblins
  3 jackals (D:3)
  3 ball pythons
  9 bats
  3 frilled lizards
  9 kobolds
  9 rats
62 creatures vanquished.

Vanquished Creatures (others)
  An orc (D:3)
  A plant (D:1)
2 creatures vanquished.

Grand Total: 64 creatures vanquished

Notes
Turn   | Place    | Note
-------+----------+-------------------------------------------
     0 | D:1      | Suckerboh the Spriggan Enchanter began the quest for the Orb.
     0 | D:1      | Reached XP level 1. HP: 9/9 MP: 5/5
   471 | D:1      | Reached XP level 2. HP: 8/13 MP: 6/6
  1078 | D:2      | Learned a level 2 spell: Ensorcelled Hibernation
  1107 | D:2      | Reached XP level 3. HP: 14/16 MP: 5/8
  1486 | D:2      | Reached XP level 4. HP: 18/21 MP: 9/9
  1612 | D:2      | Found a sacrificial altar of Ru.
  2064 | D:3      | Reached skill level 5 in Stealth
  2578 | D:3      | Killed from afar by an orc wizard

Skill      XL: |  1  2  3  4 |
---------------+-------------+-----
Hexes          | 4 |  4.9
Short Blades   | 2 |  2.3
Stealth        | 5 |  5.0
Fighting       | |  0.7
Dodging        | |  3.8
Spellcasting   | |  2.9
Ice Magic      | |  0.1

Action                   |  1- 3 |  4- 6 || total
-------------------------+-------+-------++-------
Melee: Dagger            |   192 |   168 ||   360
 Cast: Ensorcelled Hiber |     3 |     9 ||    12
  Use: Potion            |     3 |       ||     3
 Stab: Sleeping          |     6 |     3 ||     9
       Distracted        |     1 |       ||     1
  Eat: Ration            |       |     1 ||     1
Armor: Robe              |    37 |    21 ||    58
Dodge: Dodged            |   178 |   140 ||   318
